AoeStats
← small_rain_111

Coastal Forest

510719871Analyzed
4v4 RM · 1d ago on Oct 2, 2026· 25m 9s· 8 players
Game mode
Random Map
Map size
Large (8 player)
Population
200
Speed
Normal
Resources
Standard
Victory
Conquest
Starting age
Dark Age
Ending age
Imperial Age
RankedLock teamsTeams togetherTeam positionsShared explorationLock speedFull tech treeHidden civsTurbo modeCheats
Victory
Defeat
🇨🇳 Spanish · China
1067
+12
🇹🇼 Mongols · Taiwan
1000
+15
🇹🇼 Ethiopians · Taiwan
1000
+15
🇨🇳 Franks · China
992
+15
🇫🇷 Wu · France
997
-15
991
-14
🇮🇳 Chinese · India
962
-14
🇦🇹 Cumans · Austria
958
-14
Bantum
5:52 Loom
10:51 Feudal Age
12:00 Double-Bit Axe
12:00 Horse Collar
13:42 Gold Mining
21:48 Castle Age
20:53 Wheelbarrow
20:13 Man-at-Arms
21:07 Scale Mail Armor
22:43 Forging
22:35 Long Swordsman
aśoka
0:31 Loom
9:20 Feudal Age
14:24 Double-Bit Axe
19:40 Fletching
Thats How We do action in Uganda
3:17 Loom
13:31 Feudal Age
13:54 Horse Collar
18:08 Castle Age
16:30 Double-Bit Axe
17:25 Gold Mining
21:38 Bow Saw
21:32 Heavy Plow
22:16 Wheelbarrow
21:26 Town Watch
24:43 Scale Barding Armor
24:49 Forging
alexggg56
7:50 Loom
11:12 Feudal Age
13:04 Double-Bit Axe
16:24 Castle Age
15:33 Horse Collar
16:53 Stone Mining
18:20 Bow Saw
18:13 Gold Mining
20:45 Heavy Plow
23:29 Fletching
25:34 Wheelbarrow
yucyuanlin1026
9:15 Loom
11:48 Feudal Age
14:46 Double-Bit Axe
19:45 Fletching
25:21 Castle Age
Ken
12:12 Feudal Age
13:07 Double-Bit Axe
16:02 Castle Age
18:00 Loom
20:26 Bow Saw
small_rain_111
8:36 Loom
11:37 Feudal Age
17:08 Castle Age
14:58 Double-Bit Axe
16:14 Gold Mining
18:37 Bow Saw
19:36 Scale Barding Armor
22:12 Horse Collar
23:04 Fishing Lines
24:21 Forging
25:14 Bloodlines
samtu
10:33 Feudal Age
15:33 Castle Age
13:38 Double-Bit Axe
14:45 Horse Collar
15:03 Fletching
15:44 Stone Mining
16:32 Bow Saw
17:33 Heavy Plow
18:43 Bodkin Arrow
Connection lost

Rejoining the realm…

Still unreachable

The connection could not be restored.

Session expired

The server has moved on; the page needs a fresh start.